 Dungeon Crawl Stone Soup version 0.17-a0-1663-gb806841 (webtiles) character file.

41 Television the Firebug (level 3, -17/26 HPs)
             Began as a Hill Orc Fire Elementalist on Aug 16, 2015.
             Was an Initiate of Vehumet.
             Demolished by an ogre
             ... wielding a +0 giant spiked club
              (23 damage)
             ... on level 4 of the Dungeon.
             The game lasted 00:05:44 (1749 turns).

Television the Firebug (Hill Orc Fire Elementalist) Turns: 1749, Time: 00:05:44

Health: -17/26     AC:  2    Str: 10    XL:     3   Next: 52%
Magic:  1/6        EV: 12    Int: 16    God:    Vehumet [......]
Gold:   42         SH:  0    Dex: 11    Spells: 3 memorised, 0 levels left

rFire  + . .     SeeInvis .     (no weapon)
rCold  . . .     Clarity  +     a - +0 robe
rNeg   . . .     SustAt   .     (no shield)
rPois  .         Gourm    .     (no helmet)
rElec  .         Spirit   .     (no cloak)
rCorr  .         Warding  .     (no gloves)
rMut   .         Stasis   .     (no boots)
MR     .....                    k - amulet of clarity
Stlth  ++........               (no ring)
                                j - ring of protection from fire

@: not resistant to hostile enchantments, unstealthy
A: no striking features
a: Renounce Religion


You were on level 4 of the Dungeon.
You worshipped Vehumet.
Vehumet was noncommittal.
You were not hungry.

You visited 1 branch of the dungeon, and saw 4 of its levels.

You collected 42 gold pieces.

Inventory:

Hand weapons
 h - a +0 whip
 r - a +0 rapier
Armour
 a - a +0 robe (worn)
Jewellery
 j - a ring of protection from fire (left hand)
 k - an amulet of clarity (around neck)
Scrolls
 f - 2 scrolls of recharging {unknown}
 l - a scroll of identify {unknown}
 o - a scroll of remove curse {unknown}
 p - a scroll of blinking {unknown}
 q - a scroll of fog {unknown}
Potions
 e - a potion of cancellation {unknown}
 g - a potion of curing {unknown}
 i - a potion of resistance {unknown}
 m - a potion of flight {unknown}
 n - 2 potions of haste {unknown}
Books
 b - a book of Flames

   Spells                             Type                      Level
   a - Flame Tongue                   Conjuration/Fire             1
   b - Throw Flame                    Conjuration/Fire             2
   c - Conjure Flame                  Conjuration/Fire             3
   d - Inner Flame                    Hexes/Fire                   3
   e - Sticky Flame                   Conjuration/Fire             4
   f - Fireball                       Conjuration/Fire             5
Comestibles
 c - 2 chunks of flesh


   Skills:
 - Level 1.5 Dodging
 - Level 1.5 Stealth
 * Level 2.2 Spellcasting
 + Level 2.2 Conjurations
 + Level 3.5 Fire Magic


You couldn't memorise any spells.
You knew the following spells:

 Your Spells              Type           Power        Failure   Level  Hunger
a - Flame Tongue          Conj/Fire      ##...        10%         1    #......
b - Throw Flame           Conj/Fire      ##....       12%         2    ###....
c - Conjure Flame         Conj/Fire      ##......     21%         3    ###....


Dungeon Overview and Level Annotations

Branches:
Dungeon (4/15)
 Temple: D:4-7

Altars:
Vehumet


Message History

The ogre is almost dead.
The ogre struggles against the net.
You hit the ogre.
The ogre is almost dead.
The ogre struggles against the net.
You hit the ogre.
The ogre is almost dead.
The ogre struggles against the net.
You hit the ogre but do no damage.
The ogre is almost dead.
The ogre struggles against the net.
The net rips apart, and the ogre comes free!
You hit the ogre but do no damage.
The ogre is almost dead.
The ogre closely misses you.
You hit the ogre.
The ogre is almost dead.
The ogre hits you with a giant spiked club!!
Ouch! That really hurt!
You die...

##.###############
.................#
.................#
########@######.)#
......(O......#..#
#############.#..#
#..# #..# #..#
#..# #..# #..#


You could see an ogre.

Vanquished Creatures
  An adder (D:2)
  A worm (D:2)
  2 giant geckos (D:3)
  6 bats
  4 goblins
  4 hobgoblins
  A quokka (D:3)
  3 giant cockroaches
  A giant newt (D:1)
  A kobold (D:1)
  A rat (D:1)
25 creatures vanquished.

Notes
Turn   | Place    | Note
--------------------------------------------------------------
     0 | D:1      | Television the Hill Orc Fire Elementalist began the quest for the Orb.
     0 | D:1      | Reached XP level 1. HP: 14/14 MP: 3/3
   439 | D:1      | Reached XP level 2. HP: 17/20 MP: 0/4
   959 | D:1      | Learned a level 2 spell: Throw Flame
  1303 | D:2      | Reached XP level 3. HP: 22/26 MP: 0/6
  1464 | D:3      | Learned a level 3 spell: Conjure Flame
  1505 | D:3      | Found a radiant altar of Vehumet.
  1516 | D:3      | Became a worshipper of Vehumet
  1727 | D:4      | Noticed an ogre
  1749 | D:4      | Demolished by an ogre

Vault maps used:
D:1:      nicolae_arrival_somewhat_less_tricky_arrival, serial_forest,
          infiniplex_forest_clump_small, infiniplex_forest_lined_4_way,
          infiniplex_forest_clump_C, infiniplex_forest_end_3,
          infiniplex_forest_clump_medium, infiniplex_forest_end_2,
          infiniplex_forest_straight_4, infiniplex_forest_straight_4,
          infiniplex_forest_corner_2
D:2:      serial_bayou_pond_d
D:3:      fiery_altar_vehumet, item_on_display_a, uniq_robin, uniq_iyjb
D:4:      first_bread

Action                   || total
-------------------------++-------
Melee: Unarmed           ||   117
Throw: Throwing net      ||     2
 Cast: Flame Tongue      ||    54
       Conjure Flame     ||     1
 Stab: Sleeping          ||     1
  Eat: Chunk             ||     1
       Bread ration      ||     1
